 Dungeon Crawl Stone Soup version 0.31-a0-188-g5e087ee2ca (webtiles) character file.

Game seed: 892303334218555292

1115 qw the Skirmisher (level 8, -2/45 HPs)
             Began as a Deep Elf Hunter on June 23, 2023.
             Slain by an orc warrior
             ... wielding a +0 scimitar
              (12 damage)
             ... on level 6 of the Dungeon.
             The game lasted 00:01:18 (3501 turns).

qw the Skirmisher (Deep Elf Hunter)                 Turns: 3501, Time: 00:01:18

Health: -2/45      AC:  8    Str: 10    XL:     8   Next: 12%
Magic:  10/10      EV: 12    Int: 15    God:
Gold:   220        SH:  0    Dex: 20    Spells: 7/7 levels left

rFire   + . .        Y - +1 shortbow
rCold   . . .        (shield currently unavailable)
rNeg    . . .        l - +0 ring mail
rPois   .            (no helmet)
rElec   .            (no cloak)
rCorr   .            a - +0 pair of gloves
SInv    .            (no boots)
Will    .....        (no amulet)
Stlth   ++           h - ring of protection from fire
HPRegen 0.27/turn    j - +4 ring of slaying {mikee}
MPRegen 0.12/turn

%: no passive effects
@: about to teleport
A: talons 1, iridescent scales 1, thin skeletal structure 1
a: no special abilities


You were on level 6 of the Dungeon.
You visited 1 branch of the dungeon, and saw 6 of its levels.

You collected 220 gold pieces.


Innate Abilities, Weirdness & Mutations

You have sharp toenails.
You are partially covered in iridescent scales. (AC +2)
You have a somewhat thin skeletal structure. (Dex +2, Stealth+)


   Skills:
 + Level 2.5 Fighting
 - Level 12.1 Ranged Weapons
 - Level 1.9 Armour
 - Level 4.0 Dodging
 - Level 1.2 Stealth


You had 7 spell levels left.
You didn't know any spells.
Your spell library was empty.

Inventory:

Hand Weapons
 Y - a +1 shortbow (weapon)
Armour
 a - a +0 pair of gloves (worn)
 l - a +0 ring mail (worn)
 n - a +0 leather armour of fire resistance
Jewellery
 d - a ring of positive energy
 h - a ring of protection from fire (left hand)
 j - a +4 ring of slaying (right hand) {mikee}
 m - a ring of ice
 o - a ring of resist corrosion
Scrolls
 c - a scroll of identify
Potions
 b - a potion of haste
 f - a potion of degeneration {unknown}
 g - a potion of magic {unknown}
 i - a potion of attraction {unknown}
 k - a potion of lignification {unknown}

Dungeon Overview and Level Annotations

Branches:
Dungeon (6/15)
 Temple: D:4-7

Altars:
Dithmenos
Uskayaw
Xom


Message History

The orc warrior is lightly wounded.
The orc warrior closely misses you. The adder bites you but does no damage.
You shoot an arrow.
The arrow closely misses the orc warrior.
The adder closely misses you.
The orc warrior hits you with a +0 scimitar.
You shoot an arrow.
The arrow hits the orc warrior but does no damage.
The orc warrior is lightly wounded.
The adder misses you.
The orc warrior hits you with a +0 scimitar.
You shoot an arrow.
The arrow closely misses the orc warrior.
The adder closely misses you. The orc warrior completely misses you.
The adder bites you.
You shoot an arrow. The arrow hits the orc warrior!
The orc warrior is heavily wounded.
The adder barely misses you.
The orc warrior hits you with a +0 scimitar!
You shoot an arrow.
The arrow hits the orc warrior but does no damage.
The orc warrior is heavily wounded.
The adder bites you but does no damage. The orc warrior closely misses you.
You shoot an arrow. The arrow hits the orc warrior.
The orc warrior is severely wounded.
The adder closely misses you.
You shoot an arrow. The arrow hits the orc warrior.
The orc warrior is almost dead.
The orc warrior hits you with a +0 scimitar.
The adder barely misses you.
3500 ||| READING scroll of teleportation.
As you read the scroll of teleportation, it crumbles to dust.
You feel strangely unstable. The adder bites you but does no damage.
The orc warrior closely misses you. The adder bites you but does no damage.
You shoot an arrow.
The arrow hits the orc warrior but does no damage.
The orc warrior is almost dead.
The orc warrior hits you with a +0 scimitar!
You die...

.. . ....#.... .). ...........
..)#.......... #)#.#........
...#........ #...# #..........
....# ##.oS.....##.. ....#
#...@.....#.... ....##
##.....?........ .....### .
##..............
.......##...#...............
........................... ..$
<........................# .....
#........................##..5..
##...##.#......%.........#.)....
#...##.#.......................


You could see an orc warrior and an adder.

Vanquished Creatures
  A steam dragon (D:6)
  A water moccasin (D:5)
  An ice beast (D:6)
  A sky beast (D:6)
  A centaur (D:6)
  A phantom (D:5)
  A scorpion (D:4)
  A howler monkey (D:5)
  4 hounds
  2 orc priests
  A sleepcap (D:4)
  3 iguanas
  2 orc wizards (D:3)
  3 adders
  A white imp (D:6)
  An ufetubus (D:5)
  A worm (D:4)
  2 dart slugs (D:4)
  9 orcs
  10 ball pythons
  2 endoplasms
  4 giant cockroaches
  5 goblins
  5 hobgoblins
  6 quokkas
  3 bats
  7 kobolds
  8 rats
87 creatures vanquished.

Notes
Turn   | Place    | Note
-------+----------+-------------------------------------------
     0 | D:1      | qw the Deep Elf Hunter began the quest for the Orb.
     0 | D:1      | Reached XP level 1. HP: 12/12 MP: 3/3
     0 | D:1      | 0 ||| qw: Version: 0.3-a-9-g12657ce
     0 | D:1      | 0 ||| qw: Game counter: 3901
     0 | D:1      | 0 ||| qw: Always use a shield: true
     0 | D:1      | 0 ||| qw: God list: Okawaru
     0 | D:1      | 0 ||| qw: Allow faded altars: false
     0 | D:1      | 0 ||| qw: Do Orc after D:15 true
     0 | D:1      | 0 ||| qw: Do second Lair branch before Depths: true
     0 | D:1      | 0 ||| qw: Lair rune preference: random
     0 | D:1      | 0 ||| qw: Plans: Normal
     0 | D:1      | 0 ||| PLANNING D:1-11
   204 | D:1      | Reached XP level 2. HP: 16/16 MP: 4/4
   234 | D:1      | Reached skill level 6 in Ranged Weapons
   773 | D:1      | 773 ||| UPGRADING to ring of protection from fire.
   774 | D:1      | 774 ||| READING scroll labelled JUGUAG KIPN.
   775 | D:1      | 775 ||| READING scroll labelled WAGURA JAETUNN.
   776 | D:1      | 776 ||| DROPPING scroll of butterflies.
   803 | D:2      | Identified the +8 dagger of Sufficient Valiance {venom, rN+
                  | Dex+3}
   981 | D:2      | Reached XP level 3. HP: 20/20 MP: 5/5
   987 | D:2      | Found a faded altar of an unknown god.
  1334 | D:2      | Reached skill level 7 in Ranged Weapons
  1366 | D:2      | 1366 ||| UPGRADING to +0 pair of gloves.
  1371 | D:2      | 1371 ||| UPGRADING to +4 ring of slaying {mikee}.
  1372 | D:2      | 1372 ||| READING scroll labelled MAESICO PAKISH.
  1373 | D:2      | 1373 ||| READING scroll labelled TUTZYI WOAPNOEM.
  1374 | D:2      | 1374 ||| DRINKING 2 white potions.
  1375 | D:2      | 1375 ||| DRINKING 2 bubbling coppery potions.
  1376 | D:2      | 1376 ||| DROPPING potion of invisibility.
  1574 | D:3      | Found a shimmering altar of Xom.
  1581 | D:3      | Found a shadowy altar of Dithmenos.
  1584 | D:3      | Found a hide-covered altar of Uskayaw.
  1653 | D:3      | Reached XP level 4. HP: 25/25 MP: 6/6
  1661 | D:3      | Reached skill level 8 in Ranged Weapons
  1681 | D:3      | 1681 ||| Stepping ~*~*~tactically~*~*~ (outnumbered).
  1683 | D:3      | 1683 ||| Stepping ~*~*~tactically~*~*~ (outnumbered).
  1694 | D:3      | HP: 1/25 [orc priest/divine providence (11)]
  1700 | D:3      | Reached XP level 5. HP: 3/29 MP: 7/7
  1839 | D:3      | 1839 ||| UPGRADING to +0 ring mail.
  1851 | D:3      | 1851 ||| DROPPING +0 leather armour.
  1852 | D:3      | 1852 ||| READING scroll labelled ASCHAF FOTEG CIOGH.
  1853 | D:3      | 1853 ||| READING scroll labelled ZIGHO TARACZEU.
  2107 | D:3      | 2107 ||| READING scroll labelled NUXERPH OCWE.
  2108 | D:3      | 2108 ||| DRINKING 2 clear potions.
  2108 | D:3      | Gained mutation: You are partially covered in large bone
                  | plates. (SH +4) [potion of mutation]
  2108 | D:3      | Gained mutation: You are occasionally teleported next to
                  | monsters. [potion of mutation]
  2108 | D:3      | Gained mutation: You have a somewhat thin skeletal
                  | structure. (Dex +2, Stealth+) [potion of mutation]
  2109 | D:3      | 2109 ||| DRINKING potion of mutation.
  2109 | D:3      | Lost mutation: You are occasionally teleported next to
                  | monsters. [potion of mutation]
  2109 | D:3      | Lost mutation: You are partially covered in large bone
                  | plates. (SH +4) [potion of mutation]
  2109 | D:3      | Gained mutation: You are partially covered in iridescent
                  | scales. (AC +2) [potion of mutation]
  2109 | D:3      | Gained mutation: You have sharp toenails. [potion of
                  | mutation]
  2110 | D:3      | 2110 ||| DRINKING 2 cyan potions.
  2111 | D:3      | 2111 ||| DROPPING potion of brilliance.
  2113 | D:3      | 2113 ||| Stepping ~*~*~tactically~*~*~ (cloud).
  2393 | D:4      | Reached skill level 9 in Ranged Weapons
  2443 | D:4      | Reached XP level 6. HP: 35/35 MP: 8/8
  2556 | D:4      | 2556 ||| DRINKING 2 orange potions.
  2559 | D:4      | 2559 ||| DROPPING potion of ambrosia.
  2576 | D:5      | Entered Level 5 of the Dungeon
  2576 | D:5      | Noticed a water moccasin
  2579 | D:5      | Killed a water moccasin
  2670 | D:5      | Reached skill level 10 in Ranged Weapons
  2700 | D:5      | Reached XP level 7. HP: 38/40 MP: 9/9
  2844 | D:5      | Reached skill level 1 in Armour
  2845 | D:5      | 2845 ||| DROPPING +6 ring of intelligence.
  3290 | D:6      | Noticed a steam dragon
  3294 | D:6      | Killed a steam dragon
  3295 | D:6      | Reached skill level 11 in Ranged Weapons
  3450 | D:6      | Reached skill level 12 in Ranged Weapons
  3450 | D:6      | Reached XP level 8. HP: 37/44 MP: 10/10
  3450 | D:6      | 3450 ||| FLEEEEING.
  3451 | D:6      | 3451 ||| FLEEEEING.
  3499 | D:6      | HP: 10/45 [orc warrior/+0 scimitar (5)]
  3500 | D:6      | 3500 ||| READING scroll of teleportation.
  3501 | D:6      | Slain by an orc warrior

Levels and vault maps discovered:
D:1:      lightli_arrival_chessboard, layout_loops_corners,
          minmay_misc_feat_more_columns
D:2:      layout_basic, ebering_ecumenical_altar_petrified
D:3:      layout_basic, minitemple, grunt_ministairs_7, grunt_decor_cap,
          kennysheep_doodads
D:4:      layout_cave_pools
D:5:      layout_basic, serial_glass, glass_columns_b, glass_columns_b,
          glass_columns_c, glass_columns_c, glass_columns_a,
          due_unseen_surprise, feat_on_display
D:6:      layout_cave_pools, mainiacjoe_overflow_chevrons, grunt_qazlal_clouds,
          okawaru_metal_pillars_3

Skill      XL: |  1  2  3  4  5  6  7 |
---------------+----------------------+-----
Ranged Weapons | 6 7 8 9 10 12 | 12.1
Fighting       | 2 |  2.5
Dodging        | 4 |  4.0
Armour         | 1 |  1.9
Stealth        | |  1.2

Action                     |  1- 3 |  4- 6 |  7- 9 || total
---------------------------+-------+-------+-------++-------
   Fire: Shortbow          |    88 |    81 |    63 ||   232
    Use: Scroll            |     4 |     3 |     1 ||     8
         Potion            |     2 |     4 |       ||     6
 Armour: Leather armour    |     5 |     5 |       ||    10
         Ring mail         |       |     1 |     8 ||     9
  Dodge: Dodged            |    13 |     7 |    16 ||    36

Table legend:
 A = Non-vault XP
 B = Vault XP
 C = Vault XP percentage of total XP
 D = Non-vault monster count
 E = Vault monster count
 F = Vault count percentage of total count
                 A         B        C        D         E       F
            +---------+---------+-------+---------+---------+-------
      Total |    1590 |       3 |   0.2 |      85 |       2 |   2.3
            +---------+---------+-------+---------+---------+-------
        D:1 |      28 |       0 |   0.0 |      17 |       0 |   0.0
        D:2 |      35 |       0 |   0.0 |      15 |       0 |   0.0
        D:3 |     149 |       3 |   2.0 |      22 |       2 |   8.3
        D:4 |     183 |       0 |   0.0 |      11 |       0 |   0.0
        D:5 |     537 |       0 |   0.0 |      11 |       0 |   0.0
        D:6 |     658 |       0 |   0.0 |       9 |       0 |   0.0
            +---------+---------+-------+---------+---------+-------
